 Dungeon Crawl Stone Soup version 0.29.0-11-gd7f09526c8 (webtiles) character file.

Game seed: 2756102759577617047

25 RKaid the Shooter (level 2, 0/25 HPs)
             Began as a Deep Elf Hunter on Sept 3, 2022.
             Succumbed to an adder's poison
             ... on level 2 of the Dungeon.
             The game lasted 00:01:28 (940 turns).

RKaid the Shooter (Deep Elf Hunter)                  Turns: 940, Time: 00:01:29

Health: 0/25       AC: 21    Str: 12    XL:     2   Next: 82%
Magic:  4/4        EV:  2    Int: 12    God:
Gold:   80         SH:  0    Dex: 17    Spells: 1/1 levels left

rFire   . . .      SeeInvis .   a - +0 shortbow
rCold   . . .      Faith    .   (shield currently unavailable)
rNeg    . . .      Spirit   .   (body armour currently unavailable)
rPois   +          Reflect  .   (helmet currently unavailable)
rElec   .          Harm     .   (cloak currently unavailable)
rCorr   .          Rampage  .   (gloves currently unavailable)
Will    .....      NoTele   +   (boots currently unavailable)
Stlth   ++........              (no amulet)
HPRegen 0.08/turn               (no ring)
MPRegen 0.09/turn               (no ring)

@: lethally poisoned (0 -> -1), tree-form
A: stationary, stasis, torment immunity, boosted hp, (iridescent scales 2),
strong 1, inability to read after injury 1
a: no special abilities


You were on level 2 of the Dungeon.
You were a tree.
You visited 1 branch of the dungeon, and saw 2 of its levels.

You collected 80 gold pieces.

Inventory:

Hand Weapons
 a - a +0 shortbow (weapon)
Armour
 c - a +0 leather armour (melded)
 m - a +0 pair of gloves (melded)
   (You found it on level 2 of the Dungeon)
Scrolls
 b - a scroll of immolation {!r}
 g - a scroll of identify {unknown}
 h - a scroll of poison {unknown}
 k - a scroll of teleportation {unknown}
 n - a scroll of torment {unknown}
Potions
 d - a potion of resistance {unknown}
 i - a potion of magic {unknown}
 j - a potion of berserk rage {unknown}
 l - a potion of haste {unknown}


   Skills:
 + Level 1.9 Fighting
 * Level 5.9 Ranged Weapons
 + Level 2.9 Dodging
 - Level 1.2 Stealth


You had one spell level left.
You didn't know any spells.
Your spell library was empty.

Dungeon Overview and Level Annotations

Branches:
Dungeon (2/15)

Altars:
Okawaru

Shops:
D:1 *

Annotations:
D:2 Sigmund


Innate Abilities, Weirdness & Mutations

You are a tree.
Your roots penetrate the ground, keeping you stationary.
You cannot be teleported.
You are immune to unholy pain and torment.
Your maximum health is greatly increased.
Your equipment is partially melded.
((You are mostly covered in iridescent scales. (AC +4)))
Your muscles are strong. (Str +4, Int/Dex -1)
You occasionally lose the ability to read scrolls when taking damage.


Message History

The ball python bites you but does no damage.
The ball python constricts you. The ball python barely misses you.
The ball python constricts you.
You shoot an arrow. The arrow hits the ball python!
You kill the ball python!
No target in view!
No target in view!
You now have 80 gold pieces (gained 13).
A rat comes into view.
You see here a +0 pair of gloves.
You shoot an arrow. The arrow closely misses the rat.
You shoot an arrow. The arrow hits the rat.
The rat completely misses you. The rat barely misses you.
You shoot an arrow. The arrow hits the rat!
You kill the rat!
No target in view!
(D) Dungeon
Where to? (Enter - D:1 @ (x,y), ? - help)
Okay, then.
Unknown command.
Unknown command.
m - a +0 pair of gloves You start putting on your armour.
You continue putting on your +0 pair of gloves. x4
You finish putting on your +0 pair of gloves.
You start resting.
An adder comes into view.
The adder hisses angrily.
An adder is nearby!
You shoot an arrow. The arrow barely misses the adder.
You shoot an arrow. The arrow hits the adder.
You shoot an arrow. The arrow misses the adder.
You shoot an arrow. The arrow barely misses the adder.
The adder bites you.
You are poisoned.
The adder poisons you! The adder closely misses you.
You shoot an arrow. The arrow barely misses the adder.
You feel sick. The adder bites you.
You are more poisoned.
The adder poisons you!
You shoot an arrow. The arrow hits the adder.
You kill the adder!
You feel sick.
No target in view!
No target in view!
No target in view!
You start resting.
You feel sick. x5
You are no longer poisoned.
You start resting.
You start waiting.
Done waiting.
n - a scroll labelled HYVANO LOMAA An adder comes into view.
The adder hisses angrily.
An adder is nearby!
You shoot an arrow. The arrow hits the adder!
No target in view!
No target in view!
No target in view!
No target in view!
You shoot an arrow. The arrow closely misses the adder.
You shoot an arrow. The arrow misses the adder.
The adder misses you. The adder bites you.
You are poisoned.
The adder poisons you!
You shoot an arrow. The arrow closely misses the adder.
You feel sick. The adder misses you.
You shoot an arrow. The arrow hits the adder.
You feel sick. The adder barely misses you.
The adder bites you but does no damage.
You shoot an arrow. The arrow closely misses the adder.
You feel sick. The adder bites you.
You are more poisoned.
The adder poisons you! The adder closely misses you.
You shoot an arrow. The arrow misses the adder.
You feel sick. The adder bites you.
You are too injured to fight recklessly!
You are too injured to fight recklessly!
Fire: a) +0 shortbow
Press: ? - help, Q - select action Shift-Dir - straight line, f/p - adder
Aim: an adder (severely wounded, 46% to hit)
You shoot an arrow. The arrow barely misses the adder.
You feel sick. The adder bites you. The adder bites you but does no damage.
Fire: a) +0 shortbow
Press: ? - help, Q - select action Shift-Dir - straight line, f/p - adder
Aim: an adder (severely wounded, 46% to hit)
You shoot an arrow. The arrow barely misses the adder.
You feel sick. The adder bites you.
* * * LOW HITPOINT WARNING * * *
It was a potion of mutation.
You feel extremely strange.
Iridescent scales grow over part of your body.
You feel stronger.
You occasionally lose the ability to read scrolls when taking damage.
Iridescent scales spread over more of your body.
* * * LOW HITPOINT WARNING * * *
You feel sick. The adder bites you but does no damage.
The adder barely misses you.
It was a potion of lignification.
You turn into a tree.
Your +0 pair of gloves melds into your body.
Your +0 leather armour melds into your body.
Your roots penetrate the ground.
You die...

## ..## ...#######
###.......###
............###########
#.......#...♣S.......
#...............####
#####..<..÷..######......
.......>......... .#...
#....[.....###... ....
###..^...##....## ##
######....(...##
......#########
..........#


You could see an adder.

Vanquished Creatures
  An adder (D:2)
  4 ball pythons
  2 bats (D:1)
  An endoplasm (D:1)
  A giant cockroach (D:1)
  A hobgoblin (D:1)
  2 kobolds
  A quokka (D:1)
  2 rats
15 creatures vanquished.

Notes
Turn   | Place    | Note
-------+----------+-------------------------------------------
     0 | D:1      | RKaid the Deep Elf Hunter began the quest for the Orb.
     0 | D:1      | Reached XP level 1. HP: 12/12 MP: 3/3
   115 | D:1      | Found a faded altar of an unknown god.
   159 | D:1      | Found Immoacsu's Assorted Antiques.
   265 | D:1      | Reached XP level 2. HP: 17/17 MP: 4/4
   473 | D:2      | Found an iron altar of Okawaru.
   485 | D:2      | Noticed Sigmund
   938 | D:2      | HP: 2/17 [adder (3)]
   939 | D:2      | Gained mutation: You are partially covered in iridescent
                  | scales. (AC +2) [potion of mutation]
   939 | D:2      | Gained mutation: Your muscles are strong. (Str +4, Int/Dex
                  | -1) [potion of mutation]
   939 | D:2      | Gained mutation: You occasionally lose the ability to read
                  | scrolls when taking damage. [potion of mutation]
   939 | D:2      | Gained mutation: You are mostly covered in iridescent
                  | scales. (AC +4) [potion of mutation]
   940 | D:2      | Succumbed to an adder's poison

Illustrated notes

Levels and vault maps discovered:
D:1:      roderic_octagonal_star, layout_rooms, ebering_ecumenical_altar_hall,
          serial_shops, shop
D:2:      layout_rooms, basic_altar, minmay_misc_feat_ornament,
          nicolae_elevator_lobby_asterisk, uniq_sigmund

Action                   || total
-------------------------++-------
 Fire: Shortbow          ||    37
  Use: Potion            ||     2
Armor: Leather armour    ||     4
Dodge: Dodged            ||    11

Table legend: (Time is in decaauts)
 A = Elapsed time spent in this place.
 B = Non-inter-level travel time spent in this place.
 C = Inter-level travel time spent in this place.
 D = Time resting spent in this place.
 E = Time spent auto-exploring this place.
 F = Levels seen in this place.
 G = Mean time per level.
                   A        B        C        D        E       F      G
               +--------+--------+--------+--------+--------+-----+--------+
         Total |    949 |    915 |     34 |    368 |    442 |   2 |  474.5 |
       Dungeon |    949 |    915 |     34 |    368 |    442 |   2 |  474.5 |
               +--------+--------+--------+--------+--------+-----+--------+

Top non-repeatable levels by time:
     D:2: 488 daAuts
     D:1: 460 daAuts

Table legend:
 A = Kills in this place as a percentage of kills in entire the game.
 B = Kills by you in this place as a percentage of kills by you in the entire game.
 C = Kills by friends in this place as a percentage of kills by friends in the entire game.
 D = Other kills in this place as a percentage of other kills in the entire game.
 E = Experience gained in this place as a percentage of experience gained in the entire game.
 F = Experience gained in this place divided by the number of levels of this place that you have seen.
                   A       B       C       D       E      F
               +-------+-------+-------+-------+-------+----------------------
         Total | 100.0 | 100.0 |   N/A |   N/A | 100.0 |  18.0
       Dungeon | 100.0 | 100.0 |   N/A |   N/A | 100.0 |  18.0
               +-------+-------+-------+-------+-------+----------------------
